 Dungeon Crawl Stone Soup version 0.17-a0-2108-g65e8068 (webtiles) character file.

74 Ishikawa the Magician (level 4, -2/33 HPs)
             Began as a Mummy Wizard on Oct 19, 2015.
             Slain by a gnoll
             ... wielding a +2 spear of chaos
              (17 damage)
             ... on level 2 of the Dungeon.
             The game lasted 00:07:57 (1875 turns).

Ishikawa the Magician (Mummy Wizard)                Turns: 1875, Time: 00:07:57

Health: -2/33      AC:  2    Str: 10    XL:     4   Next: 9%
Magic:  1/9        EV: 12    Int: 18    God:
Gold:   78         SH:  0    Dex: 10    Spells: 3 memorised, 4 levels left

rFire  . . .     SeeInvis .     i - +0 mace
rCold  . . .     Clarity  .     e - +0 robe
rNeg   + + +     SustAt   .     (no shield)
rPois  ∞         Gourm    .     b - +0 hat
rElec  .         Spirit   .     (no cloak)
rCorr  .         Warding  +     (no gloves)
rMut   .         Stasis   .     (no boots)
MR     .....                    g - amulet of warding
Stlth  ++........               (no ring)
                                k - ring of fire

@: not resistant to hostile enchantments, unstealthy
A: no food or potions, fire vulnerability, cold resistance 1, negative energy
resistance 3, torment resistance, unbreathing
a: no special abilities


You were on level 2 of the Dungeon.
You were not hungry.

You visited 1 branch of the dungeon, and saw 2 of its levels.

You collected 78 gold pieces.

Inventory:

Hand Weapons
 d - a +0 club
 h - a cursed -1 whip
 i - a +0 mace (weapon)
 j - a +4 spear of chaos
 o - a +0 spear of chaos
Armour
 b - a +0 hat (worn)
 e - a +0 robe (worn)
Jewellery
 g - an amulet of warding (around neck)
 k - a ring of fire (left hand)
Scrolls
 a - 2 scrolls of teleportation {unknown}
 f - a scroll of noise {unknown}
 l - a scroll of recharging {unknown}
 m - a scroll of immolation {unknown}
 n - a scroll of remove curse {unknown}
Books
 c - a book of Minor Magic

   Spells                             Type                      Level
   a - Magic Dart                     Conjuration                  1
   b - Blink                          Translocation                2
   c - Call Imp                       Summoning                    2
   d - Repel Missiles                 Charms/Air                   2
   e - Slow                           Hexes                        2
   f - Conjure Flame                  Conjuration/Fire             3
   g - Mephitic Cloud                 Conjuration/Poison/Air       3


   Skills:
 + Level 2.2 Fighting
 - Level 1.5 Dodging
 - Level 1.5 Stealth
 + Level 3.6 Spellcasting
 + Level 1.5 Conjurations
 - Level 0.7 Summonings
   Level 0.7 Translocations


You had 4 spell levels left.
You knew the following spells:

 Your Spells              Type           Power        Failure   Level  Hunger
a - Magic Dart            Conj           #...         12%         1    N/A
b - Call Imp              Summ           #.......     17%         2    N/A
c - Mephitic Cloud        Conj/Pois/Air  #.......     43%         3    N/A

Dungeon Overview and Level Annotations

Branches:
Dungeon (2/15)

Altars:


Innate Abilities, Weirdness & Mutations

You do not eat or drink.
Your flesh is vulnerable to fire.
You are immune to poison.
Your flesh is cold resistant.
You are immune to negative energy.
You are immune to unholy pain and torment.
You can survive without breathing.


Message History

Your crimson imp blinks!
Your crimson imp hits the gnoll but does no damage.
The gnoll misses your crimson imp.
Your crimson imp hits the gnoll.
The gnoll hits your crimson imp but does no damage.
Your crimson imp barely misses the gnoll.
You swap places.
The gnoll misses your crimson imp.
Your crimson imp hits the gnoll but does no damage.
Your crimson imp blinks!
Your crimson imp barely misses the gnoll.
The gnoll hits your crimson imp with a spear of chaos.
Your crimson imp is poisoned.
The gnoll barely misses your crimson imp.
Your crimson imp hits the gnoll but does no damage.
Your crimson imp closely misses the gnoll.
Your crimson imp dies!
Your crimson imp blinks!
The gnoll hits you with a spear of chaos!
You are electrocuted!
Ouch! That really hurt!
You die...

##...g.#####.#
#.##########.##
!.!..........#
#.# #..#
##.....#######
#.# ##.#
#.....# #.# #g#
####g########
#.# ##. #.#
............#
### ##≈# #.#
###########†#
≈.###.# #
#.####### . #
#..#.# #
#....g@.# .≈#.
#.#.# #
#########
.#.⌠≈#.#.#
....⌠≈.#.#
#...#
..≈#≈≈≈###
#.#.≈.≈ #....#
#≈.!.. .#..⌠.


You could see a gnoll.

Vanquished Creatures
  A gnoll (D:2)
  An adder (D:2)
  4 giant geckos (D:2)
  A ball python (D:2)
  3 bats
  A giant newt (D:2)
  6 goblins
  4 jackals (D:2)
  6 kobolds
  7 rats
34 creatures vanquished.

Vanquished Creatures (collateral kills)
  An adder (D:2)
  2 gnolls (D:2)
  A worm (D:2)
  An orc (D:2)
  A hobgoblin (D:2)
  3 jackals (D:2)
  A bat (D:2)
  A rat (D:2)
11 creatures vanquished.

Grand Total: 45 creatures vanquished

Notes
Turn   | Place    | Note
--------------------------------------------------------------
     0 | D:1      | Ishikawa the Mummy Wizard began the quest for the Orb.
     0 | D:1      | Reached XP level 1. HP: 13/13 MP: 4/4
   213 | D:1      | Reached skill level 1 in Fighting
   300 | D:1      | Reached skill level 1 in Conjurations
   359 | D:1      | Reached XP level 2. HP: 14/21 MP: 0/6
   367 | D:1      | Learned a level 2 spell: Call Imp
   932 | D:2      | Reached XP level 3. HP: 27/27 MP: 0/7
   974 | D:2      | Learned a level 3 spell: Mephitic Cloud
  1635 | D:2      | Reached XP level 4. HP: 29/33 MP: 0/9
  1875 | D:2      | Slain by a gnoll

Vault maps used:
D:1:      lightli_molten_gateway, minmay_misc_feat_rows, minmay_misc_feat_tower
D:2:      first_bread, tgw_xom

Action                   |  1- 3 |  4- 6 || total
-------------------------+-------+-------++-------
Melee: Club              |    25 |       ||    25
       Mace              |    26 |     4 ||    30
 Cast: Magic Dart        |    50 |     7 ||    57
       Call Imp          |     7 |     6 ||    13
       Mephitic Cloud    |     2 |     1 ||     3
